 Dungeon Crawl Stone Soup version 0.23.2-40-g277498a001 (webtiles) character file.

Game seed: 1133099264273650102

627 Chudej the Thaumaturge (level 7, -3/36 HPs)
             Began as a Deep Elf Conjurer on Aug 30, 2019.
             Slain by a sky beast (5 damage)
             ... on level 5 of the Dungeon on Aug 31, 2019.
             The game lasted 00:06:45 (5088 turns).

Chudej the Thaumaturge (Deep Elf Conjurer)          Turns: 5088, Time: 00:06:46

Health: -3/36      AC:  3    Str:  5    XL:     7   Next: 23%
Magic:  8/21       EV: 12    Int: 22    God:
Gold:   225        SH:  0    Dex: 15    Spells: 20/23 levels left

rFire    . . .     SeeInvis .   (no weapon)
rCold    . . .     Gourm    +   (no shield)
rNeg     . . .     Faith    .   u - +0 leather armour
rPois    .         Spirit   .   (no helmet)
rElec    .         Reflect  .   (no cloak)
rCorr    .         Harm     .   (no gloves)
MR       .....                  (no boots)
Stlth    ++........             q - amulet of the gourmand
HPRegen  0.12/turn              (no ring)
MPRegen  0.17/turn              (no ring)

@: no status effects
A: no striking features
a: no special abilities


You were on level 5 of the Dungeon.
You were full.

You visited 1 branch of the dungeon, and saw 5 of its levels.

You collected 225 gold pieces.

Inventory:

Hand Weapons
 m - a +0 club
Armour
 a - a +0 robe
 u - a +0 leather armour (worn)
Jewellery
 b - a cursed ring of attention {unknown}
 k - an uncursed ring of stealth {unknown}
 q - an amulet of the gourmand (around neck)
 s - an uncursed amulet of faith {unknown}
Wands
 t - a wand of polymorph (9)
Scrolls
 e - 7 scrolls of identify {unknown}
 g - 2 scrolls of random uselessness {unknown}
 h - 5 scrolls of teleportation {unknown}
 i - 4 scrolls of remove curse {unknown}
 j - 2 scrolls of immolation {unknown}
 l - a scroll of enchant weapon {unknown}
 r - 3 scrolls of fear {unknown}
 v - 2 scrolls of blinking {unknown}
 w - a scroll of enchant armour {unknown}
Potions
 n - 4 potions of curing
 o - 2 potions of degeneration {unknown}
 p - a potion of lignification {unknown}
Comestibles
 c - 9 rations


   Skills:
 - Level 2.4 Dodging
 - Level 2.4 Stealth
 * Level 8.9 Spellcasting
 + Level 6.6 Conjurations


You had 20 spell levels left.
You knew the following spells:

 Your Spells              Type           Power        Failure   Level  Hunger
a - Magic Dart            Conj           ####         1%          1    None
b - Searing Ray           Conj           #####.       1%          2    None

Your spell library contained the following spells:

 Spells                   Type           Power        Failure   Level  Hunger
 Iskenderun's Mystic Bla  Conj           #####...     8%          4    ##.....
 Dazzling Spray           Conj/Hex       ###...       9%          3    None
 Force Lance              Conj/Tloc      ###.....     28%         4    ##.....
 Fulminant Prism          Conj/Hex       ###.......   28%         4    ##.....


Dungeon Overview and Level Annotations

Branches:
Dungeon (5/15)
 Temple: D:4-7

Altars:
Cheibriados
Elyvilon
Fedhas
Gozag
Uskayaw
Wu Jian


Message History

Aiming: Searing Ray (safe; 1% risk of failure)
Press: ? - help, Shift-Dir - straight line (Press . to maintain the ray.)
Something hits you. Something shocks you.
The searing ray hits something.
Something completely misses you. Something hits you. Something shocks you.
You finish channeling your searing ray.
Something hits you. Something shocks you.
Casting: Searing Ray (safe; 1% risk of failure)
Confirm with . or Enter, or press ? or * to list all spells.
Aiming: Searing Ray (safe; 1% risk of failure)
Press: ? - help, Shift-Dir - straight line The searing ray hits something. (Press . to maintain the ray.)
Something hits you. Something shocks you.
* * * LOW HITPOINT WARNING * * *
The searing ray hits something.
Something hits you.
* * * LOW HITPOINT WARNING * * *
Something shocks you.
You die...

.....###.........#..##
..............###.#....
..........###.#........
#....#...##...........
##.........#..#........
.....##..##..##.......
..#..#........##.##...
. ##..........##..##..
#.{@##..........#...
#..####.###......#..
..... ####..#.#.....
...≈... # ##.....##.###
.........#.#.....#### #
..................## #
....... #......#####
....... #[.<......#.
..................


There were no monsters in sight!

Vanquished Creatures
  A phantom (D:4)
  An ogre (D:4)
  A scorpion (D:4)
  2 crimson imps (D:5)
  2 hounds (D:4)
  An orc priest (D:4)
  A centaur skeleton (D:4)
  2 orc wizards
  A worker ant (D:4)
  Robin (D:3)
  4 adders
  5 worms
  A dart slug (D:4)
  A leopard gecko (D:5)
  8 orcs (D:4)
  A ball python (D:1)
  3 giant cockroaches (D:1)
  13 goblins
  5 hobgoblins
  6 jackals
  3 quokkas
  5 bats
  4 frilled lizards
  A giant cockroach zombie (D:5)
  6 kobolds
  A leopard gecko skeleton (D:4)
  5 rats
85 creatures vanquished.

Notes
Turn   | Place    | Note
-------+----------+-------------------------------------------
     0 | D:1      | Chudej the Deep Elf Conjurer began the quest for the Orb.
     0 | D:1      | Reached XP level 1. HP: 10/10 MP: 6/6
   203 | D:1      | Reached XP level 2. HP: 15/15 MP: 2/8
   207 | D:1      | Learned a level 2 spell: Searing Ray
   519 | D:1      | Reached skill level 4 in Spellcasting
   917 | D:2      | Reached XP level 3. HP: 19/19 MP: 5/10
  1023 | D:2      | Found a white marble altar of Elyvilon.
  1023 | D:2      | Found a faded altar of an unknown god.
  1028 | D:2      | Found a hide-covered altar of Uskayaw.
  1030 | D:2      | Found a faded altar of an unknown god.
  1032 | D:2      | Found an opulent altar of Gozag.
  2029 | D:2      | Reached skill level 5 in Spellcasting
  2029 | D:2      | Reached skill level 5 in Conjurations
  2220 | D:3      | Found a snail-covered altar of Cheibriados.
  2236 | D:3      | Reached XP level 4. HP: 24/24 MP: 5/13
  2320 | D:3      | Noticed Robin
  2321 | D:3      | Killed Robin
  3080 | D:3      | Reached skill level 6 in Spellcasting
  3447 | D:4      | Reached XP level 5. HP: 28/28 MP: 11/15
  3797 | D:4      | Reached skill level 7 in Spellcasting
  3819 | D:4      | Reached XP level 6. HP: 32/32 MP: 9/18
  4154 | D:4      | Reached skill level 8 in Spellcasting
  4343 | D:4      | Found an ornate altar of the Wu Jian Council.
  4633 | D:4      | Reached XP level 7. HP: 26/36 MP: 11/21
  4935 | D:5      | Entered Level 5 of the Dungeon
  4947 | D:5      | Found a blossoming altar of Fedhas.
  5088 | D:5      | Slain by a sky beast

Skill      XL: |  1  2  3  4  5  6 |
---------------+-------------------+-----
Spellcasting   | 4 5 6 7 8 |  8.9
Conjurations   | 5 6 |  6.6
Dodging        | |  2.4
Stealth        | |  2.4

Action                   |  1- 3 |  4- 6 |  7- 9 || total
-------------------------+-------+-------+-------++-------
Melee: Unarmed           |     5 |       |       ||     5
 Cast: Magic Dart        |    66 |    66 |    17 ||   149
       Searing Ray       |     4 |    14 |     3 ||    21
  Use: Potion            |       |     4 |       ||     4
  Eat: Chunk             |     3 |    15 |       ||    18
Armor: Robe              |     3 |     2 |       ||     5
Dodge: Dodged            |    17 |     8 |     1 ||    26
